 Dungeon Crawl Stone Soup version 0.29-a0-923-g6e406bff71 (webtiles) character file.

Game seed: 10531669491154950117

107 Destapler the Magician (level 5, -3/37 HPs)
             Began as a Djinni Conjurer on July 28, 2022.
             Was an Initiate of Gozag.
             Slain by an iguana (11 damage)
             ... on level 5 of the Dungeon.
             The game lasted 00:11:00 (3443 turns).

Destapler the Magician (Djinni Conjurer)            Turns: 3443, Time: 00:11:01

Health: -3/37      AC:  4    Str:  6    XL:     5   Next: 11%
Gold:   385        EV: 12    Int: 22    God:    Gozag SH:  0 Dex: 11

rFire   + + .      SeeInvis .   a - +2 dagger (speed)
rCold   x . .      Faith    .   (no shield)
rNeg    . . .      Spirit   .   i - +0 robe
rPois   ∞          Reflect  .   (no helmet)
rElec   +          Harm     .   (no cloak)
rCorr   .          Rampage  .   (no gloves)
Will    .....                   (boots unavailable)
Stlth   ++........              (no amulet)
HPRegen 0.12/turn               (no ring)
MPRegen 0.00/turn               (no ring)

@: flying
A: sickness immunity, fire resistance 2, cold vulnerability 1, float, innate
caster, HP casting, extra vitality 1, iridescent scales 1, electricity
resistance
a: Renounce Religion, Potion Petition, Call Merchant, Bribe Branch


You were on level 5 of the Dungeon.
You worshipped Gozag.
Gozag was aware of your devotion.
You visited 1 branch of the dungeon, and saw 5 of its levels.

You collected 385 gold pieces.

Inventory:

Hand Weapons
 a - a +2 dagger of speed (weapon)
Missiles
 r - 10 poisoned darts
Armour
 i - a +0 robe (worn)
Magical Staves
 b - a staff of air
Jewellery
 h - a +4 ring of slaying
Wands
 j - a wand of paralysis (4)
Scrolls
 c - 2 scrolls of magic mapping {unknown}
 d - 8 scrolls of identify {unknown}
 f - 3 scrolls of poison {unknown}
 l - a scroll of acquirement {unknown}
 n - a scroll of fog {unknown}
 p - a scroll of amnesia {unknown}
Potions
 e - 2 potions of haste {unknown}
 g - a potion of mutation
 k - a potion of attraction
 m - 2 potions of curing {unknown}
 o - a potion of lignification {unknown}
 q - 2 potions of heal wounds {unknown}


   Skills:
 * Level 1.4 Fighting
 + Level 0.6(0.9) Short Blades
 - Level 0.7(1.0) Long Blades
 + Level 0.0 Staves
 + Level 0.9 Armour
 + Level 2.9 Dodging
 - Level 2.0 Stealth
 + Level 0.6 Shields
 + Level 3.5 Spellcasting
 - Level 1.0 Invocations
 + Level 0.5 Evocations


You couldn't memorise any spells.
You knew the following spells:

 Your Spells              Type           Power      Damage    Failure   Level
a - Magic Dart            Conj           76%        1d6       2%          1
b - Searing Ray           Conj           38%        2d5       4%          2
c - Dazzling Flash        Conj/Hex       38%        N/A       9%          3
d - Fulminant Prism       Conj/Hex       9%         3d7       26%         4
e - Iskenderun's Mystic   Conj/Tloc      19%        2d6       26%         4
f - Necrotise             Necr           76%        1d7       2%          1
g - Wereblood             Tmut           19%        N/A       4%          2
Your spell library was empty.

Dungeon Overview and Level Annotations

Branches:
Dungeon (6/15)
 Temple: D:4-7

Altars:
Elyvilon
Gozag
Nemelex Xobeh


Innate Abilities, Weirdness & Mutations

You are immune to sickness and miasma.
You are immune to poison.
Your flesh is very heat resistant. (rF++)
You are vulnerable to cold. (rC-)
You float through the air rather than walking.
You learn spells naturally, not from books.
Your magical power is your life essence.
You have superior vitality. (+4 MHP)
You are partially covered in iridescent scales. (AC +2)
You are resistant to electric shocks. (rElec)


Message History

The magic dart hits the iguana.
The iguana is lightly wounded.
Casting: Magic Dart (safe; 2% risk of failure)
Confirm with . or Enter, or press ? or * to list all spells.
You can't see any susceptible monsters within range! (Use Z to cast anyway.)
The magic dart hits the iguana.
The iguana is moderately wounded.
A necrophage comes into view.
Casting: Magic Dart (safe; 2% risk of failure)
Confirm with . or Enter, or press ? or * to list all spells.
Aiming: Searing Ray (safe; 4% risk of failure)
Press: ? - help, Shift-Dir - straight line, f/p - iguana
Aim: an iguana (moderately wounded, 81% to hit)
Okay, then.
A jelly comes into view.
The jelly quivers.
Found a stone staircase leading up.
The iguana closely misses you. The jelly hits you but does no damage.
The jelly attacks as you move away! The jelly hits you but does no damage.
The jelly attacks as you move away! The jelly misses you.
There is a stone staircase leading up here.
The jelly attacks as you move away! The jelly hits you.
You are splashed with acid.
The iguana attacks as you move away! The iguana misses you.
The iguana attacks as you move away! The iguana bites you!
There is a stone staircase leading up here.
The iguana bites you!
* * * LOW HITPOINT WARNING * * *
The jelly barely misses you.
You fly upwards.
You hear the hiss of flowing sand.
There is an entrance to an ossuary on this level.
Hurry and find it before the portal is buried!
Found a leather armour.
There is a stone staircase leading down here.
Found 3 poisoned darts.
The iguana attacks as you move away! The iguana bites you.
* * * LOW HITPOINT WARNING * * *
The iguana attacks as you move away! The iguana bites you!
You die...
Your body crumbles into a pile of gold.

#.# #.. #.. #[.
#..####
#.....##
#.##.#.J.######
#....@l#.......
#.#....>....#
#.#######.# #^
#


You could see an iguana and a jelly.

Vanquished Creatures
  3 adders (D:2)
  A dart slug (D:3)
  4 orcs
  7 endoplasms
  A giant cockroach (D:3)
  7 goblins
  7 hobgoblins
  6 jackals
  4 kobolds
  3 quokkas
  5 ball pythons
  6 bats
  4 frilled lizards
  9 rats
67 creatures vanquished.

Notes
Turn   | Place    | Note
-------+----------+-------------------------------------------
     0 | D:1      | Destapler the Djinni Conjurer began the quest for the Orb.
     0 | D:1      | Destapler set off with the following spells memorised:
                  | Magic Dart, Searing Ray, Dazzling Flash, Fulminant Prism,
                  | Iskenderun's Mystic Blast.
     0 | D:1      | Reached XP level 1. HP: 15/15 MP: 0/0
   223 | D:1      | Reached XP level 2. HP: 17/21 MP: 0/0
   686 | D:1      | Reached XP level 3. HP: 19/25 MP: 0/0
   686 | D:1      | Learned a level 1 spell: Necrotise
   900 | D:1      | Found a faded altar of an unknown god.
   926 | D:1      | Prayed at the altar of an unknown god.
   926 | D:1      | Became a worshipper of Gozag Ym Sagoz the Greedy
  1495 | D:2      | Found a white marble altar of Elyvilon.
  1504 | D:2      | Reached skill level 1 in Fighting
  1561 | D:2      | Reached XP level 4. HP: 28/32 MP: 0/0
  3005 | D:3      | Found a sparkling altar of Nemelex Xobeh.
  3020 | D:3      | Reached XP level 5. HP: 37/37 MP: 0/0
  3020 | D:3      | Learned a level 2 spell: Wereblood
  3162 | D:2      | Gained mutation: You are partially covered in iridescent
                  | scales. (AC +2) [potion of mutation]
  3162 | D:2      | Gained mutation: You are resistant to electric shocks.
                  | (rElec) [potion of mutation]
  3250 | D:3      | Reached skill level 1 in Invocations
  3422 | D:3      | You are sucked into a shaft and drop 3 floors!
  3440 | D:5      | Entered Level 5 of the Dungeon
  3443 | D:5      | Slain by an iguana

Illustrated notes

Levels and vault maps discovered:
D:1:      co_arrival_square_in_a_square_in_a_square, layout_loops_ring,
          hellmonk_ecumenical_altar_arch_garden, st_stairs_3
D:2:      layout_basic, basic_altar, minmay_distorted
D:3:      layout_loops_ring, nemelex_spade_bored_becter,
          hangedman_abyss_or_decor_stabs
D:5:      layout_loops_ring, enter_ossuary_3
D:6:      layout_cave_pods, led_sif_pool

Skill      XL: |  1  2  3  4  5 |
---------------+----------------+-----
Stealth        | 2 |  2.0
Fighting       | 1 |  1.4
Invocations    | 1 |  1.0
Short Blades   | |  0.6
Long Blades    | |  0.7
Armour         | |  0.9
Dodging        | |  2.9
Shields        | |  0.6
Spellcasting   | |  3.5
Evocations     | |  0.5

Action                   |  1- 3 |  4- 6 || total
-------------------------+-------+-------++-------
Melee: Dagger            |       |     8 ||     8
 Cast: Magic Dart        |    43 |    73 ||   116
       Necrotise         |    19 |     2 ||    21
       Searing Ray       |       |     1 ||     1
       Wereblood         |       |     1 ||     1
  Use: Potion            |       |     2 ||     2
       Scroll            |       |     1 ||     1
Armor: Robe              |       |     7 ||     7
Dodge: Dodged            |     1 |    15 ||    16

Table legend: (Time is in decaauts)
 A = Elapsed time spent in this place.
 B = Non-inter-level travel time spent in this place.
 C = Inter-level travel time spent in this place.
 D = Time resting spent in this place.
 E = Time spent auto-exploring this place.
 F = Levels seen in this place.
 G = Mean time per level.
                   A        B        C        D        E       F      G
               +--------+--------+--------+--------+--------+-----+--------+
         Total |   3439 |   3325 |    114 |    272 |   2559 |   5 |  687.8 |
       Dungeon |   3439 |   3325 |    114 |    272 |   2559 |   5 |  687.8 |
               +--------+--------+--------+--------+--------+-----+--------+

Top non-repeatable levels by time:
     D:1: 1455 daAuts
     D:3: 1023 daAuts
     D:2: 940 daAuts
     D:6: 17 daAuts
     D:5: 2 daAuts
